 Dungeon Crawl Stone Soup version 0.31-a0-654-gbe3e110b4e (webtiles) character file.

Game seed: 4392543812161293642

12888 Iich the Ruffian (level 11, 0/107 HPs)
             Began as a Troll Shapeshifter on Aug 30, 2023.
             Was an Elder of Trog.
             Slain by a killer bee (5 damage)
             ... on level 10 of the Dungeon.
             The game lasted 00:25:54 (8936 turns).

Iich the Ruffian (Troll Shapeshifter)               Turns: 8936, Time: 00:25:54

Health: 0/107      AC: 10    Str: 27    XL:     11   Next: 68%
Magic:  10/10      EV: 12    Int:  6    God:    Trog [****..]
Gold:   842        SH:  0    Dex: 13    Spells: 8/10 levels left

rFire   + . .        A - +5 war axe "Ogrebane" {pain, *Rage rPois Str+3}
rCold   . . .        (no shield)
rNeg    . . .        y - +2 robe {rF+}
rPois   +            (helmet currently unavailable)
rElec   .            (cloak currently unavailable)
rCorr   .            (gloves unavailable)
SInv    .            (boots unavailable)
Will    .....        g - amulet of faith
Stlth   +            s - +4 ring of protection
HPRegen 1.17/turn    (no ring)
MPRegen 0.12/turn

%: random rage (20%), faith
@: lethally poisoned (0 -> -1), beast-form, on berserk cooldown
A: beast (slay +4), large, unfitting armour, claws 3, regeneration 1, shaggy fur
1, tough skin 1
a: Begin Untransformation, Renounce Religion, Berserk, Trog's Hand, Brothers in
Arms


You were on level 10 of the Dungeon.
You worshipped Trog.
Trog was greatly pleased with you.
You were a hulking beast.
You visited 2 branches of the dungeon, and saw 11 of its levels.
You also visited: Ossuary.

You collected 912 gold pieces.
You spent 70 gold pieces at shops.

Inventory:

Hand Weapons
 A - the +5 war axe "Ogrebane" (weapon) {pain, *Rage rPois Str+3}
   (You found it on level 5 of the Dungeon)

   Str+3:     It affects your strength (+3).
   rPois:     It protects you from poison *Rage: It berserks you when you make
   melee attacks (+20% chance).
Armour
 n - a +2 cloak
 y - a +2 robe of fire resistance (worn)
Jewellery
 g - an amulet of faith (around neck)
 s - a +4 ring of protection (left claw)
Talismans
 c - a beast talisman (active)
 d - a flux talisman
 m - a maw talisman
 L - a serpent talisman
Wands
 e - a wand of charming (18)
 i - a wand of flame (7)
 D - a wand of digging (11)
 I - a wand of mindburst (6)
Scrolls
 a - a scroll of silence
 j - a scroll of vulnerability
 k - a scroll of brand weapon
 o - a scroll of blinking {unknown}
 p - 2 scrolls of revelation
 t - 3 scrolls of teleportation
 u - a scroll of noise
 v - 3 scrolls of enchant weapon
 w - a scroll of amnesia
 x - a scroll of enchant armour
 B - a scroll of butterflies {unknown}
 F - a scroll of poison
 G - a scroll of fog
Potions
 b - 3 potions of lignification
 f - 3 potions of attraction
 h - a potion of haste
 r - a potion of berserk rage {unknown}
 z - a potion of might {unknown}
 C - a potion of invisibility
 E - a potion of brilliance
 H - a potion of mutation {unknown}
Miscellaneous
 J - a phantom mirror
 K - a condenser vane (inert)


   Skills:
 + Level 6.8 Fighting
 * Level 6.0 Axes
 + Level 6.9 Armour
 + Level 7.0 Dodging
 + Level 7.9 Unarmed Combat
 + Level 7.2 Shapeshifting


You had 8 spell levels left.
You knew the following spells:

 Your Spells              Type           Power      Damage    Failure   Level
a - Scorch                Fire           0%         2d5       58%         2

Your spell library contained the following spells:

 Spells                   Type           Power      Damage    Failure   Level
 Inner Flame              Hex/Fire       0%         N/A       83%         3
 Tukima's Dance           Hex            0%         N/A       83%         3
 Flame Wave               Conj/Fire      0%         2d4       99%         4
 Passage of Golubria      Tloc           0%         N/A       99%         4
 Yara's Violent Unravell  Hex/Tmut       0%         3d3       100%        5
 Summon Cactus Giant      Summ           0%         N/A       100%        6
 Enfeeble                 Hex            0%         N/A       100%        7


Dungeon Overview and Level Annotations

Branches:
Dungeon (10/15)            Temple (1/1) D:4         Ossuary (visited)
   Lair: D:8-11         Orc: D:9-12

Altars:
Ashenzari
Cheibriados
Dithmenos
Fedhas
Gozag
Hepliaklqana
Kikubaaqudgha
Makhleb
Nemelex Xobeh
Okawaru
Qazlal
Ru
Sif Muna
Trog
Uskayaw
Vehumet
Wu Jian
Xom
Zin
The Shining One

Shops:
D:1 [   D:8 [

Annotations:
D:6 3 runed translucent doors, Dittersdorf's ghost, novice GrFi


Innate Abilities, Weirdness & Mutations

You are a hulking beast.
Your limbs bulge with bestial killing power. (Slay +4)
You are too large for most types of armour.
You have claws for hands.
Your natural rate of healing is unusually fast.
You are covered in fur. (AC +1)
You have tough skin. (AC +1)


Message History

The killer bee stings you but does no damage.
The killer bee barely misses you. The killer bee closely misses you.
You regained 2 hp, and now have 32/107 hp.
You slash the killer bee!
The killer bee is severely wounded.
You miss the killer bee. x2; The killer bee misses you. x2
The killer bee stings you but does no damage.
The killer bee closely misses you. The killer bee stings you!
* * * LOW HITPOINT WARNING * * *
The killer bee stings you but does no damage. x2
The killer bee closely misses you. x2
The killer bee stings you but does no damage.
The killer bee stings you.
* * * LOW HITPOINT WARNING * * *
The killer bee stings you.
* * * LOW HITPOINT WARNING * * *
You take 17 damage, and have 15/107 hp.
You slice the killer bee!!
You kill the killer bee!
Trog accepts your kill.
You slash the killer bee! You barely miss the killer bee.
The killer bee stings you!
* * * LOW HITPOINT WARNING * * *
You are poisoned.
The killer bee poisons you! The killer bee stings you.
* * * LOW HITPOINT WARNING * * *
The killer bee barely misses you. The killer bee closely misses you.
The killer bee misses you. The killer bee barely misses you.
You take 7 damage, and have 8/107 hp.
Aiming: Mindburst
Press: ? - help, Q - select action, (/) - cycle Shift-Dir - straight line, f/p - killer bee
Aim: a killer bee (heavily wounded, chance to affect: 72%)
The killer bee struggles to resist.
You feel yourself speed up.
You feel very sick.
The killer bee barely misses you. x2; The killer bee stings you.
* * * LOW HITPOINT WARNING * * *
The killer bee closely misses you. The killer bee barely misses you.
The killer bee stings you.
You die...

#### ##
..... .#
#....####.#
#.........#
........y.#
#yh†.#
+..#.# #..#
# #..# #...
.... .###
#.


You could see 2 killer bees.

Vanquished Creatures
  2 hydras (D:8)
  A centaur warrior (D:8)
  2 two-headed ogres
  A cyclops (D:8)
  2 unseen horrors (D:8)
  2 rust devils (D:6)
  Psyche (D:8)
  A kobold demonologist (D:8)
  A komodo dragon (D:8)
  A troll (D:8)
  18 yaks
  2 shadows (D:9)
  2 steam dragons (D:8)
  A water moccasin (D:5)
  3 orc warriors
  An ice beast (D:6)
  4 ogres
  2 centaurs (D:6)
  A phantom (D:6)
  An elf zombie (Ossuary)
  3 kobold brigands
  A bullfrog (D:7)
  4 scorpions
  14 wights
  4 killer bees
  6 howler monkeys
  2 centaur zombies (Ossuary)
  5 hounds
  2 jellies (D:7)
  A gnoll bouda (D:7)
  3 human zombies (Ossuary)
  5 orc priests
  8 orc wizards
  A sleepcap (D:5)
  Ijyb (D:3)
  4 iguanas
  2 mummies (Ossuary)
  Robin (D:3)
  3 gnolls (D:7)
  9 adders
  A worm (D:2)
  5 dart slugs
  20 orcs
  7 endoplasms
  5 giant cockroaches
  19 goblins
  10 hobgoblins
  5 jackals
  A quokka (D:1)
  4 ball pythons
  3 bats
  7 frilled lizards
  A goblin zombie (Ossuary)
  11 hobgoblin zombies (Ossuary)
  A jackal zombie (Ossuary)
  26 kobolds
  10 kobold zombies (Ossuary)
  5 orc zombies (Ossuary)
  5 rats
  3 rat zombies (Ossuary)
277 creatures vanquished.

Vanquished Creatures (collateral kills)
  An ice beast (D:5)
  An orc wizard (D:5)
  An orc (D:5)
3 creatures vanquished.

Vanquished Creatures (others)
  A cyclops (D:8)
  A jelly (D:6)
  A hobgoblin (D:3)
3 creatures vanquished.

Grand Total: 283 creatures vanquished

Notes
Turn   | Place    | Note
-------+----------+-------------------------------------------
     0 | D:1      | Iich the Troll Shapeshifter began the quest for the Orb.
     0 | D:1      | Reached XP level 1. HP: 18/18 MP: 0/0
   150 | D:1      | Reached skill level 1 in Fighting
   150 | D:1      | Reached XP level 2. HP: 23/27 MP: 1/1
   157 | D:1      | Found Dyg Heu's Antique Armour Emporium.
   265 | D:1      | Found a faded altar of an unknown god.
   627 | D:1      | Reached skill level 1 in Armour
   923 | D:1      | Bought a glowing robe for 70 gold pieces
   995 | D:2      | Reached XP level 3. HP: 33/33 MP: 2/2
  1254 | D:2      | Reached XP level 4. HP: 41/41 MP: 3/3
  1499 | D:3      | Noticed Robin
  1524 | D:3      | Killed Robin
  1671 | D:3      | Found a broken altar of Ashenzari.
  1694 | D:3      | Reached XP level 5. HP: 49/49 MP: 4/4
  2057 | D:3      | Noticed Ijyb
  2066 | D:3      | Killed Ijyb
  2136 | D:3      | Learned a level 2 spell: Scorch
  2240 | D:4      | Reached XP level 6. HP: 56/57 MP: 5/5
  2259 | D:4      | Found a hide-covered altar of Uskayaw.
  2314 | D:4      | Found a staircase to the Ecumenical Temple.
  2329 | Temple   | Entered the Ecumenical Temple
  2391 | Temple   | Became a worshipper of Trog the Wrathful
  2771 | D:4      | Found an opulent altar of Gozag.
  2986 | D:5      | Entered Level 5 of the Dungeon
  2986 | D:5      | Found a burning altar of Makhleb.
  3012 | D:5      | Found an iron altar of Okawaru.
  3059 | D:5      | Reached XP level 7. HP: 56/66 MP: 6/6
  3090 | D:4      | Reached * piety under Trog
  3390 | D:5      | Reached XP level 8. HP: 73/75 MP: 7/7
  3664 | D:6      | Identified the +8 rapier "Newtbane" {drain, rElec rC-
                  | Int+3}
  3672 | D:6      | Found a snail-covered altar of Cheibriados.
  3773 | D:6      | Reached skill level 5 in Unarmed Combat
  3978 | D:6      | Reached skill level 5 in Shapeshifting
  4292 | D:6      | Reached ** piety under Trog
  4308 | D:5      | Noticed a rust devil
  4308 | D:5      | Noticed a rust devil
  4334 | D:6      | Found a runed translucent gate.
  4334 | D:6      | Found a runed translucent gate.
  4334 | D:6      | Found a runed translucent gate.
  4502 | D:6      | Noticed a spectral unseen horror
  4504 | D:6      | Noticed Dittersdorf's ghost (novice GrFi)
  4835 | D:6      | Killed a rust devil
  4836 | D:6      | Reached skill level 5 in Armour
  4836 | D:6      | Reached XP level 9. HP: 85/85 MP: 8/8
  5163 | D:5      | Reached skill level 5 in Dodging
  5170 | D:5      | Identified the +5 war axe "Ogrebane" {pain, *Rage rPois
                  | Str+3}
  5245 | D:6      | Killed a rust devil
  5246 | D:6      | Reached skill level 5 in Fighting
  5473 | D:7      | Reached skill level 1 in Axes
  5597 | D:7      | Found a shimmering blue altar of Sif Muna.
  5762 | D:7      | Found a sand-covered staircase.
  5773 | Ossuary  | Entered an ossuary
  6013 | Ossuary  | Reached *** piety under Trog
  6454 | D:7      | Reached XP level 10. HP: 96/96 MP: 9/9
  6487 | D:7      | Found a large runed translucent door.
  6491 | D:7      | Found a large runed translucent door.
  6730 | D:7      | Found a sacrificial altar of Ru.
  6740 | D:7      | Found a radiant altar of Vehumet.
  6814 | D:8      | Noticed Psyche
  6824 | D:8      | Killed Psyche
  6996 | D:8      | Noticed a two-headed ogre
  7010 | D:8      | Killed a two-headed ogre
  7323 | D:8      | Found a sparkling altar of Nemelex Xobeh.
  7323 | D:8      | Noticed a four-headed hydra
  7323 | D:8      | Noticed an eight-headed hydra
  7323 | D:8      | Noticed a deep elf pyromancer
  7323 | D:8      | Noticed a centaur warrior
  7370 | D:8      | Found a glowing golden altar of the Shining One.
  7545 | D:8      | Found Hyvidapn's Armour Shop.
  7601 | D:8      | Noticed a cyclops
  7602 | D:8      | Noticed a cyclops
  7650 | D:8      | Noticed a smoke demon
  7650 | D:8      | Killed an eight-headed hydra
  7651 | D:8      | Reached XP level 11. HP: 17/106 MP: 10/10
  7651 | D:8      | Killed a centaur warrior
  7652 | D:8      | Reached skill level 5 in Axes
  7827 | D:8      | HP: 2/160 [eight-headed hydra (9)]
  7961 | D:8      | Killed a 15-headed hydra
  8169 | D:9      | Found a glowing silver altar of Zin.
  8169 | D:9      | Noticed an angel
  8306 | D:9      | Noticed a two-headed ogre
  8312 | D:9      | Killed a two-headed ogre
  8563 | D:9      | Found an ancient bone altar of Kikubaaqudgha.
  8653 | D:9      | Identified the +6 flail of Emipnad {drain, Fly rF+}
  8683 | D:9      | Reached **** piety under Trog
  8862 | D:10     | Entered Level 10 of the Dungeon
  8936 | D:10     | HP: 5/107 [killer bee (1)]
  8936 | D:10     | Slain by a killer bee

Illustrated notes

Levels and vault maps discovered:
D:1:      saegor_arrival_under_anarchy, layout_basic, serial_shops,
          nicolae_shop_hallway_plus, chequers_ecumenical_altar_simple_redux
D:2:      layout_rooms
D:3:      layout_loops_cross, evilmike_ruin_ashenzari, uniq_ijyb, uniq_robin
D:4:      layout_basic, nicolae_uskayaw_murder_on_the_dancefloor,
          kennysheep_mini, minmay_temple_entry_hall, minmay_liquid_box
D:5:      cheibrodos_iron_armory, layout_rooms, amcnicky_altar_gilded,
          overflow_temple_1_default, solitary_fountain, serial_park_tiny_pond
D:6:      layout_loops_ring, kennysheep_slug_shrine, gammafunk_ghost_necromancy,
          kennysheep_generic_room_6
D:7:      layout_basic, jmf_multi_god_temple2,
          mainiacjoe_overflow_concentric_impassable, enter_ossuary_1,
          ebering_dispersal_statue_hall
D:8:      layout_rooms, lemuel_crystal_altar, lemuel_round_altar, serial_shops,
          nicolae_diamond_shop, minivault_12, uniq_psyche
D:9:      layout_irregular_city, mainiacjoe_overflow_surrounded_room, zin_angel,
          serial_column_ruins, column_ruins_courtyard_long,
          column_ruins_columns_corner, column_ruins_open_tiny,
          column_ruins_columns_straight, hangedman_glass_teeth
D:10:     layout_stronghold, lemuel_doored_altar, mainiacjoe_overflow_paths,
          uniq_amaemon, uniq_urug, uniq_nergalle, uniq_fannar
Temple:   hellmonk_temple_of_storms

Skill      XL: |  1  2  3  4  5  6  7  8  9 10 11 |
---------------+----------------------------------+-----
Fighting       | 1 2 3 4 5 6 |  6.8
Armour         | 1 2 3 4 5 6 |  6.9
Dodging        | 2 3 4 5 6 7 |  7.0
Unarmed Combat | 4 5 6 7 |  7.9
Shapeshifting  | 4 5 6 7 |  7.2
Axes           | 2 4 6 |  6.0

Action                     |  1- 3 |  4- 6 |  7- 9 | 10-12 || total
---------------------------+-------+-------+-------+-------++-------
  Melee: Unarmed           |    71 |   169 |   331 |   143 ||   714
         Punch             |       |     1 |    12 |     8 ||    21
         War axe           |       |       |       |    51 ||    51
 Invoke: Berserk           |       |       |     9 |     6 ||    15
         Trog's Hand       |       |       |     2 |     1 ||     3
  Evoke: Wand              |       |       |    11 |     6 ||    17
         Condenser vane    |       |       |       |     1 ||     1
    Use: Scroll            |     1 |       |    11 |     6 ||    18
         Potion            |     1 |     1 |     5 |     5 ||    12
   Stab: Invisible         |     1 |       |       |       ||     1
         Sleeping          |       |     1 |     2 |       ||     3
 Armour: Animal skin       |    19 |       |       |       ||    19
         Robe              |    10 |    64 |   145 |    87 ||   306
  Dodge: Dodged            |    23 |    73 |   181 |   184 ||   461

Table legend: (Time is in decaauts)
 A = Elapsed time spent in this place.
 B = Non-inter-level travel time spent in this place.
 C = Inter-level travel time spent in this place.
 D = Time resting spent in this place.
 E = Time spent auto-exploring this place.
 F = Levels seen in this place.
 G = Mean time per level.
                   A        B        C        D        E       F      G
               +--------+--------+--------+--------+--------+-----+--------+
         Total |   9022 |   8711 |    311 |   1452 |   4760 |  12 |  751.8 |
       Dungeon |   8704 |   8393 |    311 |   1452 |   4676 |  10 |  870.4 |
        Temple |     72 |     72 |      0 |      0 |      0 |   1 |   72.0 |
       Ossuary |    244 |    244 |      0 |      0 |     84 |   1 |  244.0 |
               +--------+--------+--------+--------+--------+-----+--------+

Top non-repeatable levels by time:
     D:6: 1684 daAuts
     D:7: 1626 daAuts
     D:1: 1076 daAuts
     D:4: 976 daAuts
     D:8: 907 daAuts
     D:9: 761 daAuts
     D:3: 673 daAuts
     D:5: 528 daAuts
     D:2: 387 daAuts
 Ossuary: 244 daAuts
    D:10: 81 daAuts
  Temple: 72 daAuts
